 Dungeon Crawl Stone Soup version 0.24-a0-769-g368c1644f8 (webtiles) character file.

Game seed: 13740048528292664391, levelgen mode: deterministic

70 Johnny the Digger (level 3, -6/30 HPs)
             Began as a Demigod Earth Elementalist on Oct 4, 2019.
             Mangled by Natasha (10 damage)
             ... on level 2 of the Dungeon.
             The game lasted 00:03:05 (1979 turns).

Johnny the Digger (Demigod Earth Elementalist)      Turns: 1979, Time: 00:03:05

Health: -6/30      AC:  5    Str: 11    XL:     3   Next: 77%
Magic:  4/9        EV: 12    Int: 21    God:
Gold:   115        SH:  0    Dex: 16    Spells: 5/6 levels left

rFire    . . .     SeeInvis .   (no weapon)
rCold    . . .     Gourm    .   (no shield)
rNeg     . . .     Faith    .   c - +0 robe
rPois    +         Spirit   .   p - +0 helmet
rElec    .         Reflect  .   (no cloak)
rCorr    .         Harm     .   (no gloves)
MR       .....                  o - +1 pair of boots
Stlth    ++........             (no amulet)
HPRegen  0.10/turn              (no ring)
MPRegen  0.11/turn              (no ring)

@: very slightly contaminated
A: high mp 1, poison resistance, robust 1, wild magic 1, evolution 1
a: no special abilities


You were on level 2 of the Dungeon.
You were hungry.

You visited 1 branch of the dungeon, and saw 2 of its levels.

You collected 115 gold pieces.

Inventory:

Missiles
 b - 107 stones (quivered)
Armour
 c - a +0 robe (worn)
 o - a +1 pair of boots (worn)
 p - a +0 helmet (worn)
Scrolls
 a - 4 scrolls of identify {unknown}
 h - a scroll of fog {unknown}
 i - 2 scrolls of amnesia {unknown}
Potions
 e - a potion of agility {unknown}
 f - a potion of might {unknown}
 g - a potion of mutation
 j - 2 potions of curing {unknown}
 k - 2 potions of haste {unknown}
 l - a potion of degeneration {unknown}
Comestibles
 d - 5 rations


   Skills:
 + Level 1.4 Fighting
 - Level 1.7 Dodging
 - Level 1.7 Stealth
 + Level 2.3 Spellcasting
   Level 0.8 Transmutations
 * Level 3.7 Earth Magic


You had 5 spell levels left.
You knew the following spells:

 Your Spells              Type           Power        Failure   Level  Hunger
a - Sandblast             Erth           ###...       5%          1    #......

Your spell library contained the following spells:

 Spells                   Type           Power        Failure   Level  Hunger
 Passwall                 Tmut/Erth      ###.....     13%         2    ##.....
 Infusion                 Chrm           #...         21%         1    #......
 Stone Arrow              Conj/Erth      ##....       28%         3    ###....
 Petrify                  Tmut/Erth      ###.....     58%         4    #####..
 Lee's Rapid Deconstruct  Erth           ###.......   73%         5    ######.


Dungeon Overview and Level Annotations

Branches:
Dungeon (2/15)

Annotations:
D:2 Natasha


Innate Abilities, Weirdness & Mutations

You have an increased reservoir of magic. (+10% MP)
Your system is resistant to poisons. (rPois)
You are robust. (+10% HP)
Your spells are a little harder to cast, but a little more powerful.
You evolve.


Message History

Casting: Sandblast (safe; 3% risk of failure)
Confirm with . or Enter, or press ? or * to list all spells.
Aiming: Sandblast (safe; 3% risk of failure)
Press: ? - help, Shift-Dir - straight line, f/p - Natasha
Aim: Natasha (lightly wounded)
The blast of sand hits Natasha.
Natasha is moderately wounded.
b - 107 stones Natasha stares at you and mumbles some strange words.
The magic dart hits you.
* * * LOW HITPOINT WARNING * * *
The crimson imp grinds its teeth.
The shadow imp hits you.
* * * LOW HITPOINT WARNING * * *
It was a potion of mutation.
You feel extremely strange.
You feel resistant to poisons.
You feel less in control of your magic.
You feel robust.
You feel nature experimenting on you.
Don't worry, failures die fast.
Natasha claws you!
You die...

###################
#.........5@h5.....
#.#################
#.#...........# #.#.#########.#
#.#....<# #.#
#.###########.##############
#.............##...........#
###############...###.#########.#
.>.....................†.......>.


You could see Natasha, a crimson imp and a shadow imp.

Vanquished Creatures
  Robin (D:2)
  An ooze (D:1)
  A dart slug (D:1)
  4 leopard geckos
  3 bats
  2 giant cockroaches (D:1)
  11 goblins
  7 hobgoblins
  8 kobolds
  2 quokkas (D:2)
  2 frilled lizards
  3 rats (D:2)
45 creatures vanquished.

Vanquished Creatures (others)
  4 toadstools (D:1)
4 creatures vanquished.

Grand Total: 49 creatures vanquished

Notes
Turn   | Place    | Note
-------+----------+-------------------------------------------
     0 | D:1      | Johnny the Demigod Earth Elementalist began the quest for
                  | the Orb.
     0 | D:1      | Reached XP level 1. HP: 14/14 MP: 5/5
   324 | D:1      | Reached skill level 3 in Earth Magic
   353 | D:1      | Reached XP level 2. HP: 21/22 MP: 4/7
   715 | D:1      | Reached skill level 1 in Fighting
  1154 | D:2      | Reached XP level 3. HP: 23/28 MP: 4/8
  1231 | D:2      | Found an ancient bone altar of Kikubaaqudgha.
  1237 | D:2      | Found a shimmering blue altar of Sif Muna.
  1239 | D:2      | Found a radiant altar of Vehumet.
  1243 | D:2      | Identified Sif Muna's Volume of Boosts
  1354 | D:2      | Found an opulent altar of Gozag.
  1537 | D:2      | Found a blossoming altar of Fedhas.
  1537 | D:2      | Noticed Robin
  1621 | D:2      | Killed Robin
  1968 | D:2      | Noticed Natasha
  1979 | D:2      | Gained mutation: Your system is resistant to poisons.
                  | (rPois) [potion of mutation]
  1979 | D:2      | Gained mutation: Your spells are a little harder to cast,
                  | but a little more powerful. [potion of mutation]
  1979 | D:2      | Gained mutation: You are robust. (+10% HP) [potion of
                  | mutation]
  1979 | D:2      | Gained mutation: You evolve. [potion of mutation]
  1979 | D:2      | Mangled by Natasha

Levels and vault maps discovered:
D:1:      ldierk_walled_garden_2, layout_basic
D:2:      layout_basic, grunt_temple_overflow_magic_moments,
          nicolae_gozag_cash_rules_everything_around_me,
          overflow_temple_1_default, first_ration, uniq_jessica, uniq_natasha,
          uniq_robin

Skill      XL: |  1  2 |
---------------+-------+-----
Earth Magic    | 3 |  3.7
Spellcasting   | 2 |  2.3
Fighting       | 1 |  1.4
Dodging        | |  1.7
Stealth        | |  1.7
Transmutations | |  0.8

Action                   || total
-------------------------++-------
Melee: Unarmed           ||    31
 Cast: Sandblast         ||    71
  Use: Potion            ||     1
  Eat: Chunk             ||     3
Armor: Robe              ||    18
Dodge: Dodged            ||    51

Table legend:
 A = Non-vault XP
 B = Vault XP
 C = Vault XP percentage of total XP
 D = Non-vault monster count
 E = Vault monster count
 F = Vault count percentage of total count
                 A         B        C        D         E       F
            +---------+---------+-------+---------+---------+-------
      Total |      65 |      36 |  35.6 |      33 |      12 |  26.7
            +---------+---------+-------+---------+---------+-------
        D:1 |      43 |       0 |   0.0 |      19 |       0 |   0.0
        D:2 |      22 |      36 |  62.1 |      14 |      12 |  46.2
            +---------+---------+-------+---------+---------+-------
